 Dungeon Crawl Stone Soup version 0.25-a0-591-g2ad0d861f1 (webtiles) character file.

Game seed: 4856685258721016434, levelgen mode: deterministic

228 Kaiern the Chopper (level 6, 53/53 HPs)
             Began as a Hill Orc Fighter on Mar 14, 2020.
             Quit the game on level 3 of the Dungeon.
             The game lasted 00:15:12 (1995 turns).

Kaiern the Chopper (Hill Orc Fighter)               Turns: 1995, Time: 00:15:12

Health: 53/53      AC:  4    Str: 21    XL:     6   Next: 2%
Magic:  6/6        EV: 11    Int:  8    God:
Gold:   234        SH:  6    Dex: 10    Spells: 5/5 levels left

rFire    . . .     SeeInvis .   a - +0 war axe
rCold    . . .     Gourm    .   x - +2 buckler
rNeg     . . .     Faith    .   r - +0 leather armour
rPois    .         Spirit   .   u - +0 helmet
rElec    .         Reflect  .   (no cloak)
rCorr    .         Harm     .   (no gloves)
MR       .....                  (no boots)
Stlth    +.........             (no amulet)
HPRegen  0.17/turn              (no ring)
MPRegen  0.10/turn              (no ring)

@: no status effects
A: no striking features
a: no special abilities


You were on level 3 of the Dungeon.
You were hungry.

You visited 1 branch of the dungeon, and saw 3 of its levels.

You collected 234 gold pieces.

Inventory:

Hand Weapons
 a - a +0 war axe (weapon)
 k - a +0 whip
Missiles
 h - 30 sling bullets
 o - 16 poisoned darts (quivered)
Armour
 b - a +0 scale mail
 c - a +0 kite shield
 r - a +0 leather armour (worn)
 u - a +0 helmet (worn)
 x - a +2 buckler (worn)
Jewellery
 s - an uncursed amulet of regeneration {unknown}
Scrolls
 g - 2 scrolls of amnesia {unknown}
 i - 2 scrolls of remove curse {unknown}
 j - 2 scrolls of magic mapping {unknown}
 n - 3 scrolls of identify {unknown}
 p - a scroll of teleportation {unknown}
 q - a scroll of random uselessness {unknown}
 t - a scroll of immolation {unknown}
 v - a scroll of noise {unknown}
 w - a scroll of enchant weapon {unknown}
 y - a scroll of blinking {unknown}
Potions
 d - 3 potions of might
 e - 2 potions of heal wounds {unknown}
 l - a potion of ambrosia {unknown}
 m - a potion of haste {unknown}
 z - 2 potions of curing {unknown}
 A - a potion of berserk rage {unknown}
 B - 2 potions of stabbing {unknown}
Comestibles
 f - 3 rations


   Skills:
 + Level 4.3 Fighting
 + Level 5.1 Axes
 + Level 4.0 Armour
 + Level 1.5 Dodging
 + Level 0.2 Stealth
 + Level 4.3 Shields


You had 5 spell levels left.
You didn't know any spells.
Your spell library contained the following spells:

 Spells                   Type           Power        Failure   Level  Hunger
 Summon Butterflies       Summ           #.......     45%         1    ##.....
 Call Canine Familiar     Summ           #.......     83%         3    ####...
 Summon Ice Beast         Ice/Summ       #.......     99%         4    #####..
 Summon Mana Viper        Hex/Summ       #.......     100%        5    ######.
 Summon Hydra             Summ           #.........   100%        7    #######


Dungeon Overview and Level Annotations

Branches:
Dungeon (3/15)

Altars:
Cheibriados
Elyvilon
Gozag
Makhleb
Okawaru
The Shining One


Message History

There is an open door here.
There is a stone staircase leading up here.
There is an escape hatch in the ceiling here.
You are feeling hungry.
Found a buckler.
Found a leatherbound book.
You now have 216 gold pieces (gained 19).
A kobold comes into view. It is wielding a +0 club.
The kobold shouts!
You see here a book of Beasts.
You block the kobold's attack.
Found 18 gold pieces.
You slash the kobold!
You kill the kobold!
You pick up a book of Beasts and begin reading...
You add the spells Summon Butterflies, Call Canine Familiar, Summon Ice Beast, Summon Mana Viper and Summon Hydra to your library.
There are no items here.
You see here a +0 club.
You now have 234 gold pieces (gained 18).
Are you sure you want to abandon this character and quit the game? (Confirm with "yes".)

#..........##..# #..
#.........##..## #..
#..........#.## #..
#..........#.# #..
#............# #####..
#............# #......
#..........#.####.####.
##.........#..#...####.
#.....@....##...###....
#..........##..........
##................###.#.
#.....................#)
##.........)..........#.
#......................
########..............>.##....
#......................#......
##..##..............[...รท.....


There were no monsters in sight!

Vanquished Creatures
  A bullfrog (D:2)
  A hound (D:3)
  A worker ant (D:3)
  5 adders
  An ooze (D:2)
  A worm (D:2)
  2 dart slugs (D:2)
  2 leopard geckos (D:3)
  4 orcs (D:3)
  3 giant cockroaches
  3 goblins
  5 hobgoblins
  9 bats
  5 frilled lizards
  11 kobolds
  6 rats
60 creatures vanquished.

Notes
Turn   | Place    | Note
-------+----------+-------------------------------------------
     0 | D:1      | Kaiern the Hill Orc Fighter began the quest for the Orb.
     0 | D:1      | Reached XP level 1. HP: 19/19 MP: 1/1
   228 | D:1      | Reached skill level 3 in Axes
   228 | D:1      | Reached XP level 2. HP: 27/27 MP: 2/2
   578 | D:2      | Found a white marble altar of Elyvilon.
   622 | D:2      | Reached XP level 3. HP: 27/33 MP: 3/3
   783 | D:2      | Noticed a bullfrog
   791 | D:2      | Killed a bullfrog
   791 | D:2      | Reached skill level 4 in Axes
   791 | D:2      | Reached XP level 4. HP: 27/40 MP: 4/4
   900 | D:2      | Reached skill level 1 in Dodging
   970 | D:2      | Reached XP level 5. HP: 32/46 MP: 5/5
  1729 | D:3      | Found a snail-covered altar of Cheibriados.
  1806 | D:3      | Found a burning altar of Makhleb.
  1811 | D:3      | Reached skill level 5 in Axes
  1811 | D:3      | Reached XP level 6. HP: 48/53 MP: 6/6
  1910 | D:3      | Found an opulent altar of Gozag.
  1910 | D:3      | Found a glowing golden altar of the Shining One.
  1910 | D:3      | Found an iron altar of Okawaru.
  1995 | D:3      | Quit the game

Levels and vault maps discovered:
D:1:      ebering_hopf_link, layout_rooms, chequers_serial_rivers_small_b
D:2:      layout_basic, elyvilon_altar_4, minmay_diced_spiral
D:3:      layout_rooms, makhleb_blood_cavern_becter,
          nicolae_overflow_crystal_walls, gammafunk_temple_overflow_forgotten

Skill      XL: |  1  2  3  4  5 |
---------------+----------------+-----
Axes           | 3 4 5 |  5.1
Shields        | 4 |  4.3
Dodging        | 1 |  1.5
Fighting       | 4 |  4.3
Armour         | 4 |  4.0
Stealth        | |  0.2

Action                   |  1- 3 |  4- 6 || total
-------------------------+-------+-------++-------
Melee: War axe           |   108 |   121 ||   229
  Eat: Ration            |       |     1 ||     1
Armor: Scale mail        |    47 |       ||    47
       Leather armour    |     2 |    30 ||    32
Dodge: Dodged            |    33 |    74 ||   107
Block: Kite shield       |    66 |    28 ||    94
       Buckler           |       |    25 ||    25

Table legend:
 A = Non-vault XP
 B = Vault XP
 C = Vault XP percentage of total XP
 D = Non-vault monster count
 E = Vault monster count
 F = Vault count percentage of total count
                 A         B        C        D         E       F
            +---------+---------+-------+---------+---------+-------
      Total |     263 |      64 |  19.6 |      56 |       4 |   6.7
            +---------+---------+-------+---------+---------+-------
        D:1 |      20 |       0 |   0.0 |      14 |       0 |   0.0
        D:2 |     161 |      19 |  10.6 |      20 |       3 |  13.0
        D:3 |      82 |      45 |  35.4 |      22 |       1 |   4.3
            +---------+---------+-------+---------+---------+-------
